 Dungeon Crawl Stone Soup version 0.31-a0-187-gba352fbbf7 (webtiles) character file.

Game seed: 1804504418471470572

89 qw the Shooter (level 4, -5/25 HPs)
             Began as a Deep Elf Hunter on June 22, 2023.
             Slain by Grinder (6 damage)
             ... on level 2 of the Dungeon.
             The game lasted 00:00:32 (1407 turns).

qw the Shooter (Deep Elf Hunter)                    Turns: 1407, Time: 00:00:33

Health: -5/25      AC:  5    Str: 10    XL:     4   Next: 31%
Magic:  6/6        EV: 11    Int: 14    God:
Gold:   83         SH:  0    Dex: 18    Spells: 3/3 levels left

rFire   . . .        Y - +0 shortbow
rCold   . . .        (shield currently unavailable)
rNeg    . . .        i - +0 ring mail
rPois   .            (no helmet)
rElec   .            (no cloak)
rCorr   .            (no gloves)
SInv    .            (no boots)
Will    .....        f - amulet of regeneration
Stlth   +            (no ring)
HPRegen 1.04/turn    (no ring)
MPRegen 0.10/turn

%: no passive effects
@: no status effects
A: no striking features
a: no special abilities


You were on level 2 of the Dungeon.
You visited 1 branch of the dungeon, and saw 3 of its levels.

You collected 83 gold pieces.


   Skills:
 - Level 1.5 Fighting
 + Level 7.7 Ranged Weapons
 - Level 2.4 Dodging
 - Level 1.2 Stealth


You had 3 spell levels left.
You didn't know any spells.
Your spell library was empty.

Inventory:

Hand Weapons
 Y - a +0 shortbow (weapon)
Armour
 i - a +0 ring mail (worn)
Jewellery
 e - a ring of ice
 f - an amulet of regeneration (around neck)
Wands
 b - a wand of digging (7)
Scrolls
 a - a scroll of identify
Potions
 d - a potion of attraction {unknown}
 g - a potion of curing {unknown}
 h - a potion of heal wounds {unknown}

Dungeon Overview and Level Annotations

Branches:
Dungeon (3/15)

Altars:

Shops:
D:1 [

Annotations:
D:2 Grinder


Message History

Grinder barely misses you. The quokka bites you.
You climb upwards.
There is a stone staircase leading down here.
Enter note:
Enter note:
Enter note:
Enter note:
Enter note:
Enter note:
Enter note:
Enter note:
Enter note: You shoot an arrow.
The arrow hits Grinder but does no damage.
Grinder is moderately wounded.
Grinder gestures at you.
You suddenly lose the ability to move!
The quokka bites you but does no damage.
The quokka bites you but does no damage.
Grinder gestures at you.
You shrug off the repeated paralysis!
You can move again.
You shoot an arrow. The arrow barely misses Grinder.
The quokka bites you but does no damage.
Grinder barely misses you.
The quokka bites you but does no damage.
You shoot an arrow. The arrow closely misses Grinder.
Grinder hits you but does no damage. The quokka barely misses you.
Grinder hits you!
You writhe in agony.
You shoot an arrow. The arrow hits Grinder.
Grinder is moderately wounded.
The quokka bites you. Grinder hits you!
You writhe in agony.
The quokka barely misses you.
You shoot an arrow. The arrow hits Grinder!
Grinder is heavily wounded.
The quokka barely misses you. Grinder hits you but does no damage.
You shoot an arrow. The arrow hits Grinder!
Grinder is severely wounded.
The quokka barely misses you. Grinder hits you.
You writhe in agony.
You die...

..............# #..####.....##
..............###.####.......#
.............................#
#############...#.####.......#
########......(...###.....##
###........######.#...##...##
#...########...##.###..###.#
#.### ##.....#r# ##.###.# ..#
#......@.# #..##.# .##
#.....5..# ##.##.# ##
#.......## #.##.#
###########.....## #....##
................## ###.^.##
##########.......# #....#
#.......# ###### #.......#
##.....##


You could see Grinder and a quokka.

Vanquished Creatures
  An iguana (D:2)
  2 adders (D:2)
  2 worms (D:2)
  A dart slug (D:2)
  2 ball pythons
  A bat (D:2)
  3 endoplasms
  3 giant cockroaches
  3 goblins
  4 hobgoblins
  4 quokkas
  6 frilled lizards
  4 kobolds
  3 rats
39 creatures vanquished.

Notes
Turn   | Place    | Note
-------+----------+-------------------------------------------
     0 | D:1      | qw the Deep Elf Hunter began the quest for the Orb.
     0 | D:1      | Reached XP level 1. HP: 12/12 MP: 3/3
     0 | D:1      | 0 ||| qw: Version: 0.3-a-9-g12657ce
     0 | D:1      | 0 ||| qw: Game counter: 2303
     0 | D:1      | 0 ||| qw: Always use a shield: true
     0 | D:1      | 0 ||| qw: God list: Okawaru
     0 | D:1      | 0 ||| qw: Allow faded altars: false
     0 | D:1      | 0 ||| qw: Do Orc after D:15 true
     0 | D:1      | 0 ||| qw: Do second Lair branch before Depths: true
     0 | D:1      | 0 ||| qw: Lair rune preference: random
     0 | D:1      | 0 ||| qw: Plans: Normal
     0 | D:1      | 0 ||| PLANNING D:1-11
    72 | D:1      | Found Yjony's Antique Armour Shop.
    77 | D:1      | 77 ||| SHOPLISTING dyed leather armour (120 gold, have 2).
    77 | D:1      | 77 ||| SHOPLISTING ring mail (96 gold, have 2).
   497 | D:1      | Reached skill level 6 in Ranged Weapons
   497 | D:1      | Reached XP level 2. HP: 16/16 MP: 4/4
   900 | D:1      | 900 ||| UPGRADING to +0 ring mail.
   910 | D:1      | 910 ||| DROPPING +0 leather armour.
   911 | D:1      | 911 ||| UPGRADING to amulet of regeneration.
   916 | D:1      | 916 ||| READING 2 scrolls labelled PAAFFO AROKH.
   917 | D:1      | 917 ||| READING scroll labelled ANEUZO RAYNWEJ.
   918 | D:1      | 918 ||| DROPPING scroll of butterflies.
   962 | D:2      | Reached XP level 3. HP: 20/20 MP: 5/5
   973 | D:2      | Reached skill level 7 in Ranged Weapons
  1094 | D:2      | Reached XP level 4. HP: 25/25 MP: 6/6
  1371 | D:2      | 1371 ||| READING 2 scrolls of identify.
  1371 | D:2      | 1371 ||| IDENTIFYING murky black potion
  1372 | D:2      | 1372 ||| DROPPING potion of ambrosia.
  1395 | D:3      | Noticed Grinder
  1399 | D:3      | 1399 ||| STAIRDANCE
  1401 | D:2      | Paralysed by Grinder for 2 turns
  1405 | D:2      | HP: 4/25 [Grinder (7)]
  1407 | D:2      | HP: 1/25 [Grinder (4)]
  1407 | D:2      | Slain by Grinder

Levels and vault maps discovered:
D:1:      dpeg_arrival_leaves_temple_mockup, layout_loops_corners, serial_shops,
          shop, hangedman_feature_mirror, minmay_tetromino_o2
D:2:      layout_rooms, kennysheep_generic_room_15
D:3:      layout_rooms, minmay_misc_feat_rugged, uniq_robin, uniq_grinder,
          uniq_ijyb

Skill      XL: |  1  2  3 |
---------------+----------+-----
Ranged Weapons | 6 7 |  7.7
Fighting       | |  1.5
Dodging        | |  2.4
Stealth        | |  1.2

Action                     |  1- 3 |  4- 6 || total
---------------------------+-------+-------++-------
   Fire: Shortbow          |   100 |    32 ||   132
    Use: Scroll            |     2 |     1 ||     3
 Armour: Ring mail         |    13 |    10 ||    23
  Dodge: Dodged            |    20 |    11 ||    31

Table legend:
 A = Non-vault XP
 B = Vault XP
 C = Vault XP percentage of total XP
 D = Non-vault monster count
 E = Vault monster count
 F = Vault count percentage of total count
                 A         B        C        D         E       F
            +---------+---------+-------+---------+---------+-------
      Total |     118 |      10 |   7.8 |      35 |       4 |  10.3
            +---------+---------+-------+---------+---------+-------
        D:1 |      18 |       5 |  21.7 |      12 |       3 |  20.0
        D:2 |     100 |       5 |   4.8 |      23 |       1 |   4.2
            +---------+---------+-------+---------+---------+-------
